 Dungeon Crawl Stone Soup version 0.24-a0-307-gf989941 (webtiles) character file.

Game seed: 146448711184173978

1035 mhoghedin the Insei (level 7, -2/57 HPs)
             Began as a Demigod Necromancer on May 12, 2019.
             Slain by a gnoll sergeant
             ... wielding a +0 spear
              (11 damage)
             ... on level 6 of the Dungeon on May 13, 2019.
             The game lasted 00:23:10 (7134 turns).

mhoghedin the Insei (Demigod Necromancer)           Turns: 7134, Time: 00:23:11

Health: -2/57      AC:  2    Str: 13    XL:     7   Next: 73%
Magic:  6/13       EV: 12    Int: 23    God:
Gold:   243        SH:  0    Dex: 16    Spells: 0/10 levels left

rFire    . . .     SeeInvis .   n - +0 dagger (speed)
rCold    + . .     Gourm    .   (no shield)
rNeg     . . .     Faith    .   a - +0 robe
rPois    .         Spirit   .   (no helmet)
rElec    .         Reflect  .   (no cloak)
rCorr    .         Harm     .   (no gloves)
MR       .....                  (no boots)
Stlth    ++........             (no amulet)
HPRegen  0.19/turn              (no ring)
MPRegen  0.13/turn              (no ring)

@: about to teleport, very slightly contaminated
A: cold resistance 1, high mp 1, strong 1
a: no special abilities


You were on level 6 of the Dungeon.
You were not hungry.

You visited 1 branch of the dungeon, and saw 6 of its levels.

You collected 243 gold pieces.

Inventory:

Hand Weapons
 n - a +0 dagger of speed (weapon)
   (You took it off a goblin on level 2 of the Dungeon)
Missiles
 b - 43 arrows
 r - 8 boomerangs (quivered)
Armour
 a - a +0 robe (worn)
 j - a +0 shield
   (You found it on level 1 of the Dungeon)
 l - a +0 helmet
   (You took it off Robin on level 2 of the Dungeon)
 A - a +0 buckler
   (You found it on level 5 of the Dungeon)
Jewellery
 z - an uncursed ring of positive energy {unknown}
   (You found it on level 6 of the Dungeon)
Wands
 h - a wand of digging (5)
   (You found it on level 5 of the Dungeon)
 y - a wand of iceblast (10)
   (You found it on level 6 of the Dungeon)
Scrolls
 f - 3 scrolls of magic mapping {!r}
 o - 3 scrolls of remove curse
 p - 2 scrolls of immolation {!r}
 q - 2 scrolls of blinking {!r}
 t - 2 scrolls of enchant weapon
 v - 2 scrolls of amnesia
 x - a scroll of identify
Potions
 c - 2 potions of lignification {!q}
 g - a potion of flight
 i - a potion of degeneration {unknown}
 k - a potion of curing
 m - a potion of mutation {!q}
 s - a potion of brilliance {unknown}
 u - a potion of heal wounds {unknown}
 w - a potion of berserk rage {!q}
Comestibles
 d - a ration


   Skills:
 - Level 3.1 Fighting
 - Level 1.7 Dodging
 - Level 1.7 Stealth
 + Level 4.9 Unarmed Combat
 - Level 2.4 Spellcasting
 - Level 4.1 Necromancy
 + Level 4.9 Transmutations


You couldn't memorise any spells.
You knew the following spells:

 Your Spells              Type           Power        Failure   Level  Hunger
a - Beastly Appendage     Tmut           ####..       1%          1    None
c - Spider Form           Tmut/Pois      ##........   13%         3    ###....
s - Sticks to Snakes      Tmut           ####....     2%          2    ##.....
x - Vampiric Draining     Necr           ###.......   7%          3    ###....
A - Animate Skeleton      Necr           N/A          2%          1    None

Your spell library contained the following spells:

 Spells                   Type           Power        Failure   Level  Hunger
 Pain                     Necr           ###.         2%          1    None
 Regeneration             Chrm/Necr      ##........   16%         3    ###....
 Animate Dead             Necr           N/A          22%         4    ####...
 Ice Form                 Ice/Tmut       ##......     41%         4    ####...
 Blade Hands              Tmut           ####......   41%         5    ######.


Dungeon Overview and Level Annotations

Branches:
Dungeon (6/15)
 Temple: D:4-7

Shops:
D:2 *


Innate Abilities, Weirdness & Mutations

You have an increased reservoir of magic. (+10% MP)
Your flesh is cold resistant. (rC+)
Your muscles are strong. (Str +2)


Message History

Your ball python grabs the gnoll.
Your ball python constricts the gnoll.
The gnoll closely misses you.
Your ball python bites the gnoll.
You take 1 damage, and have 48/57 hp.
You now have 3/13 mp.
You feel sick.
Your ball python bites the gnoll.
Your ball python constricts the gnoll.
The gnoll sergeant completely misses you.
Your ball python bites the gnoll but does no damage.
The gnoll hits you from afar with a +1 spear of venom!
You are more poisoned.
The jelly hits your ball python.
Your ball python is splashed with acid.
The acid corrodes your ball python!
Your ball python dies!
Your ball python bites the gnoll but does no damage.
You take 11 damage, and have 37/57 hp.
You feel very sick.
Your ball python bites the gnoll but does no damage.
Your ball python constricts the gnoll.
Your ball python bites the gnoll but does no damage.
The gnoll hits your ball python with a +1 spear of venom!
Your ball python dies!
Your ball python bites the gnoll but does no damage.
Your ball python constricts the gnoll.
You take 2 damage, and have 35/57 hp.
You feel sick.
The gnoll struggles to escape constriction.
Your ball python bites the gnoll but does no damage.
Your ball python constricts the gnoll.
You take 1 damage, and have 34/57 hp.
You feel sick.
The gnoll closely misses your ball python.
Your ball python bites the gnoll.
Your ball python constricts the gnoll.
You take 2 damage, and have 32/57 hp.
You feel sick.
Your ball python bites the gnoll.
Your ball python constricts the gnoll.
The gnoll hits your ball python with a +1 spear of venom.
Your ball python dies!
The gnoll shouts!
You take 2 damage, and have 30/57 hp.
You feel sick.
You take 1 damage, and have 29/57 hp.
You feel sick.
You take 1 damage, and have 28/57 hp.
You feel sick.
You take 1 damage, and have 27/57 hp.
You feel sick.
You take 2 damage, and have 25/57 hp.
You feel sick.
You take 1 damage, and have 24/57 hp.
You feel sick.
You take 1 damage, and have 23/57 hp.
You feel sick.
You feel sick.
The jelly jiggles.
You take 1 damage, and have 22/57 hp.
You feel sick.
You take 1 damage, and have 21/57 hp.
You feel sick.
You take 1 damage, and have 20/57 hp.
You feel sick.
You take 1 damage, and have 19/57 hp.
You feel sick.
You feel sick.
You take 1 damage, and have 18/57 hp.
You feel sick.
You take 1 damage, and have 17/57 hp.
You feel sick.
Okay, then.
Unknown command.
You create 2 snakes!
You now have 43 arrows.
The jelly hits you.
* * * LOW HITPOINT WARNING * * *
The acid corrodes you!
You are splashed with acid!
* * * LOW HITPOINT WARNING * * *
The gnoll sergeant barely misses you.
You take 10 damage, and have 7/57 hp.
You now have 4/13 mp.
You feel sick.
You take 1 damage, and have 6/57 hp.
Unknown command.
You swap places.
Your ball python bites the jelly.
Your ball python is burned by acid!
The jelly hits your ball python.
Your ball python is splashed with acid.
The acid corrodes your ball python!
Your ball python dies!
Your ball python bites the jelly.
Your ball python is burned by acid!
Your ball python withers and dies!
You feel sick.
You feel sick.
You take 1 damage, and have 5/57 hp.
You feel sick.
You take 1 damage, and have 5/57 hp.
You feel better. The jelly hits you.
* * * LOW HITPOINT WARNING * * *
You are splashed with acid.
* * * LOW HITPOINT WARNING * * *
You regained 4 hp, and now have 9/57 hp.
As you read the scroll of teleportation, it crumbles to dust.
You feel strangely unstable.
You are no longer corroded.
The jelly barely misses you.
The gnoll sergeant hits you from afar with a +0 spear!
You die...

### ## ##.########
#.. #..g.ggJ@.#
#.#
.########.######.#
#.# ..........#
#.# #.# #.#
########.g# #.#
#.# #.#
#########..#
##.###.### #.#
...ggg..gg.#
#........# #.#
...######.##
#..###.#.# #.#
....### #.# #..#
#.#.# #.# ≈≈....#
#.# #..# #.#.# #.#


You could see a gnoll sergeant, a jelly and 2 gnolls.

Vanquished Creatures
  Grinder (D:6)
  Eustachio (D:5)
  2 bullfrogs (D:6)
  A howler monkey (D:4)
  2 crimson imps
  A jelly (D:6)
  2 orc priests (D:5)
  Ijyb (D:5)
  2 worker ants
  Robin (D:2)
  5 gnolls
  4 adders
  A shadow imp (D:6)
  2 dart slugs (D:1)
  2 leopard geckos
  3 orcs
  2 ball pythons (D:4)
  8 bats
  3 giant cockroaches
  12 goblins
  7 hobgoblins
  2 kobolds
  3 quokkas
  4 frilled lizards
  4 rats (D:2)
76 creatures vanquished.

Vanquished Creatures (collateral kills)
  Menkaure (D:5)
  Blork the orc (D:5)
  A bullfrog zombie (D:5)
  3 worker ants
  3 adders
  An ooze (D:5)
  2 worms (D:3)
  A leopard gecko (D:5)
  An orc (D:5)
  2 goblins
  2 hobgoblins (D:3)
  A quokka skeleton (D:5)
  A quokka zombie (D:5)
  A rat (D:2)
21 creatures vanquished.

Grand Total: 97 creatures vanquished

Notes
Turn   | Place    | Note
-------+----------+-------------------------------------------
     0 | D:1      | mhoghedin the Demigod Necromancer began the quest for the
                  | Orb.
     0 | D:1      | Reached XP level 1. HP: 14/14 MP: 5/5
    87 | D:1      | Reached skill level 2 in Spellcasting
   406 | D:1      | Reached XP level 2. HP: 18/20 MP: 3/7
   432 | D:1      | You fall through a shaft!
   432 | D:2      | Found an opulent altar of Gozag.
   432 | D:2      | Found Gozag's Platinum Reserve.
   437 | D:2      | Reached skill level 4 in Necromancy
   875 | D:2      | Found an ancient bone altar of Kikubaaqudgha.
   887 | D:2      | Found a snail-covered altar of Cheibriados.
   999 | D:2      | Noticed Robin
  1294 | D:1      | Learned a level 2 spell: Sticks to Snakes
  1296 | D:1      | Learned a level 1 spell: Animate Skeleton
  1298 | D:1      | Learned a level 1 spell: Beastly Appendage
  1430 | D:1      | HP: 3/20 [hobgoblin/+0 club (3)]
  1443 | D:1      | Reached XP level 3. HP: 5/26 MP: 3/9
  2225 | D:2      | Gained mutation: Your flesh is cold resistant. (rC+)
                  | [potion of mutation]
  2225 | D:2      | Gained mutation: Your muscles are strong. (Str +2) [potion
                  | of mutation]
  2225 | D:2      | HP: 5/27 [Robin/+0 spear (4)]
  2247 | D:2      | HP: 4/27 [Robin/+0 spear (3)]
  2766 | D:2      | HP: 4/27 [Robin/+0 spear (3)]
  2769 | D:2      | Killed Robin
  2769 | D:2      | Reached skill level 1 in Unarmed Combat
  3093 | D:3      | Reached skill level 1 in Transmutations
  3123 | D:3      | Reached skill level 1 in Fighting
  3123 | D:3      | Reached XP level 4. HP: 32/35 MP: 10/10
  3391 | D:3      | Learned a level 3 spell: Spider Form
  3969 | D:3      | HP: 8/35 [poisoned by an adder]
  4876 | D:4      | Reached skill level 2 in Unarmed Combat
  4876 | D:4      | Reached skill level 2 in Transmutations
  4876 | D:4      | Reached XP level 5. HP: 32/41 MP: 7/11
  4950 | D:4      | Reached skill level 2 in Fighting
  4999 | D:4      | Found a sacrificial altar of Ru.
  5358 | D:5      | Entered Level 5 of the Dungeon
  5384 | D:5      | Noticed Blork the orc
  5388 | D:5      | Noticed Menkaure
  5409 | D:5      | Killed Blork the orc
  5409 | D:5      | Reached XP level 6. HP: 34/50 MP: 3/12
  5567 | D:5      | Reached skill level 3 in Unarmed Combat
  5592 | D:5      | Killed Menkaure
  5592 | D:5      | Reached skill level 3 in Fighting
  5592 | D:5      | Reached skill level 3 in Transmutations
  5824 | D:5      | Noticed Ijyb
  5834 | D:5      | Killed Ijyb
  5880 | D:5      | Found a glowing golden altar of the Shining One.
  5901 | D:5      | Found a hide-covered altar of Uskayaw.
  5907 | D:5      | Noticed Eustachio
  5944 | D:5      | Killed Eustachio
  5944 | D:5      | Reached XP level 7. HP: 44/57 MP: 7/13
  6087 | D:5      | Learned a level 3 spell: Vampiric Draining
  6367 | D:6      | Reached skill level 4 in Unarmed Combat
  6367 | D:6      | Reached skill level 4 in Transmutations
  6860 | D:6      | Noticed Grinder
  6873 | D:6      | Killed Grinder
  7075 | D:6      | Found a white marble altar of Elyvilon.
  7120 | D:6      | HP: 7/57 [acid (9)]
  7127 | D:6      | HP: 5/57 [poisoned by a gnoll]
  7133 | D:6      | HP: 13/57 [jelly (2)]
  7134 | D:6      | Slain by a gnoll sergeant

Levels and vault maps discovered:
D:1:      erik_arrival_triangle_small, layout_rooms, chequers_jeans
D:2:      layout_basic, kiku_gazebo_pond_becter, cheibriados_altar_1,
          nicolae_gozag_zags_fifth_avenue, uniq_robin
D:3:      layout_basic, kennysheep_generic_room_15
D:4:      layout_cave_pools, nicolae_ru_sacrificial_ziggurat
D:5:      layout_cave_pools, kennysheep_mini, first_ration, basic_altar,
          uniq_blork_the_orc, uniq_menkaure, uniq_ijyb, uniq_eustachio
D:6:      lemuel_upstairs_altar, layout_loops_ring, elyvilon_altar_3,
          uniq_grinder

Skill      XL: |  1  2  3  4  5  6  7 |
---------------+----------------------+-----
Spellcasting   | 2 |  2.4
Necromancy     | 4 |  4.1
Unarmed Combat | 1 2 3 4 |  4.9
Transmutations | 1 2 3 4 |  4.9
Fighting       | 1 2 3 |  3.1
Dodging        | |  1.7
Stealth        | |  1.7

Action                   |  1- 3 |  4- 6 |  7- 9 || total
-------------------------+-------+-------+-------++-------
Melee: Club              |    78 |       |       ||    78
       Dagger            |    29 |   125 |    32 ||   186
       Kick              |     7 |     6 |     1 ||    14
       Unarmed           |       |    35 |    40 ||    75
       Punch             |       |     2 |     1 ||     3
       Headbutt          |       |     1 |     1 ||     2
Throw: Boomerang         |       |     1 |       ||     1
 Cast: Pain              |    36 |       |       ||    36
       Sticks to Snakes  |     7 |    30 |     5 ||    42
       Beastly Appendage |     6 |     8 |     3 ||    17
       Animate Skeleton  |     8 |    12 |     1 ||    21
       Spider Form       |       |    10 |     7 ||    17
 Abil: End Transformatio |       |     1 |       ||     1
Evoke: Wand              |       |       |     1 ||     1
  Use: Scroll            |     5 |     6 |     1 ||    12
       Potion            |     3 |       |     1 ||     4
 Stab: Sleeping          |     3 |     2 |     1 ||     6
       Distracted        |       |     2 |     1 ||     3
  Eat: Chunk             |     1 |    11 |     2 ||    14
       Ration            |     2 |       |     1 ||     3
Armor: Robe              |    42 |    10 |     4 ||    56
       Skin              |       |       |     3 ||     3
Dodge: Dodged            |    92 |    73 |    50 ||   215
Block: Shield            |    18 |       |       ||    18

Table legend:
 A = Non-vault XP
 B = Vault XP
 C = Vault XP percentage of total XP
 D = Non-vault monster count
 E = Vault monster count
 F = Vault count percentage of total count
                 A         B        C        D         E       F
            +---------+---------+-------+---------+---------+-------
      Total |     836 |     643 |  43.5 |      79 |      18 |  18.6
            +---------+---------+-------+---------+---------+-------
        D:1 |      42 |       0 |   0.0 |      15 |       0 |   0.0
        D:2 |      27 |      27 |  50.0 |      12 |      12 |  50.0
        D:3 |      91 |       2 |   2.2 |      19 |       1 |   5.0
        D:4 |     157 |       0 |   0.0 |      10 |       0 |   0.0
        D:5 |     189 |     369 |  66.1 |      12 |       4 |  25.0
        D:6 |     330 |     245 |  42.6 |      11 |       1 |   8.3
            +---------+---------+-------+---------+---------+-------

Levels and vault maps discovered:
D:1:      erik_arrival_triangle_small, layout_rooms, chequers_jeans
D:2:      layout_basic, kiku_gazebo_pond_becter, cheibriados_altar_1,
          nicolae_gozag_zags_fifth_avenue, uniq_robin
D:3:      layout_basic, kennysheep_generic_room_15
D:4:      layout_cave_pools, nicolae_ru_sacrificial_ziggurat
D:5:      layout_cave_pools, kennysheep_mini, first_ration, basic_altar,
          uniq_blork_the_orc, uniq_menkaure, uniq_ijyb, uniq_eustachio
D:6:      lemuel_upstairs_altar, layout_loops_ring, elyvilon_altar_3,
          uniq_grinder

Table legend:
 A = Turns spent in this place as a percentage of turns spent in the entire game.
 B = Non-inter-level travel turns spent in this place as a percentage of non-inter-level travel turns spent in the entire game.
 C = Inter-level travel turns spent in this place as a percentage of turns spent in this place.
 D = Turns resting spent in this place as a percentage of non-inter-level travel turns spent in this place.
 E = Turns spent auto-exploring this place as a percentage of non-inter-level travel turns spent in this place.
 F = Non-inter-level travel turns spent in this place divided by the number of levels of this place that you've seen.
                   A       B       C       D       E      F
               +-------+-------+-------+-------+-------+----------------------
         Total | 100.0 | 100.0 |   2.8 |  44.9 |  34.9 | 1155.8
       Dungeon | 100.0 | 100.0 |   2.8 |  44.9 |  34.9 | 1155.8
               +-------+-------+-------+-------+-------+----------------------

Table legend:
 A = Kills in this place as a percentage of kills in entire the game.
 B = Kills by you in this place as a percentage of kills by you in the entire game.
 C = Kills by friends in this place as a percentage of kills by friends in the entire game.
 D = Other kills in this place as a percentage of other kills in the entire game.
 E = Experience gained in this place as a percentage of experience gained in the entire game.
 F = Experience gained in this place divided by the number of levels of this place that you have seen.
                   A       B       C       D       E      F
               +-------+-------+-------+-------+-------+----------------------
         Total | 100.0 | 100.0 | 100.0 |   N/A | 100.0 | 246.5
       Dungeon | 100.0 | 100.0 | 100.0 |   N/A | 100.0 | 246.5
               +-------+-------+-------+-------+-------+----------------------
